 Dungeon Crawl Stone Soup version 0.28-a0-1339-ga5422284a4 (webtiles) character file.

Game seed: 17624695176435054570

625 oldriver the Magician (level 7, 31/31 HPs)
             Began as a Felid Summoner on Dec 29, 2021.
             Quit the game on level 5 of the Dungeon.
             The game lasted 00:21:04 (11690 turns).

oldriver the Magician (Felid Summoner)             Turns: 11690, Time: 00:21:05

Health: 31/31      AC:  2    Str:  4    XL:     7   Next: 23%
Magic:  18/18      EV: 17    Int: 19    God:
Gold:   212        SH:  0    Dex: 16    Spells: 10/19 levels left
                                        Lives:  1   Deaths: 1

rFire   . . .      SeeInvis +     - Unarmed
rCold   . . .      Faith    .   (shield unavailable)
rNeg    . . .      Spirit   .   (armour unavailable)
rPois   .          Reflect  .   (helmet unavailable)
rElec   .          Harm     .   (cloak unavailable)
rCorr   .          Rampage  .   (gloves unavailable)
Will    +....                   (boots unavailable)
Stlth   ++........              n - amulet of magic regeneration
HPRegen 0.10/turn               h - ring of flight
MPRegen 0.56/turn               (no ring)

@: flying, quick
A: very small, claws 1, fangs 3, see invisible, speed 1, shaggy fur 2, stealthy
paws, no weapons or thrown items, no armour, multi-lived
a: no special abilities


You were on level 5 of the Dungeon.
You visited 1 branch of the dungeon, and saw 5 of its levels.
You also visited: Sewer.

You collected 296 gold pieces.
You spent 84 gold pieces at shops.

Inventory:

Jewellery
 h - a ring of flight (left paw)
 i - an amulet of faith
 n - an amulet of magic regeneration (around neck)
Wands
 j - a wand of iceblast (7)
 s - a wand of polymorph (8)
Scrolls
 b - a scroll of summoning {unknown}
 d - a scroll of identify {unknown}
 e - 5 scrolls of teleportation
 f - a scroll of blinking
 g - a scroll of amnesia {unknown}
 l - a scroll of acquirement {unknown}
 o - 2 scrolls of magic mapping
 p - 3 scrolls of brand weapon {unknown}
 q - a scroll of holy word {unknown}
 t - a scroll of fear {unknown}
 u - a scroll of fog {unknown}
Potions
 a - 2 potions of ambrosia
 c - 2 potions of heal wounds
 k - 6 potions of flight
 m - 2 potions of might
 r - a potion of lignification {unknown}


   Skills:
 * Level 3.8 Fighting
 + Level 3.0 Dodging
 + Level 3.1 Stealth
 + Level 1.0 Unarmed Combat
 * Level 6.9 Spellcasting
 + Level 6.3 Summonings


You had 10 spell levels left.
You knew the following spells:

 Your Spells              Type           Power      Damage    Failure   Level
a - Summon Small Mammal   Summ           100%       N/A       1%          1
b - Call Imp              Summ           30%        N/A       1%          2
c - Call Canine Familiar  Summ           30%        N/A       2%          3
d - Summon Guardian Gole  Hex/Summ       18%        N/A       9%          3

Your spell library contained the following spells:

 Spells                   Type           Power      Damage    Failure   Level
 Summon Lightning Spire   Summ/Air       18%        N/A       28%         4
 Olgreb's Toxic Radiance  Pois           6%         N/A       71%         4
 Blade Hands              Tmut           3%         N/A       96%         5
 Irradiate                Conj/Tmut      3%         3d14      96%         5
 Dragon Form              Tmut           3%         N/A       100%        7
 Ozocubu's Refrigeration  Ice            3%         4d5       100%        7
 Ignition                 Fire           3%         3d4       100%        8


Dungeon Overview and Level Annotations

Branches:
Dungeon (5/15)              Sewer (visited)
 Temple: D:4-7

Altars:
Cheibriados
Qazlal
Wu Jian

Shops:
D:3 !

Annotations:
D:4 2 transporters, Rem's ghost, amateur OpFE
D:5 Edmund; Pikel


Innate Abilities, Weirdness & Mutations

You have sharp claws.
You have razor-sharp teeth.
You have supernaturally acute eyesight. (SInv)
You cover ground quickly. (Speed+)
You are covered in thick fur. (AC +2)
Your paws help you pounce on unaware monsters.
You are incapable of wielding weapons or throwing items.
You cannot wear armour.
You gain extra lives every three experience levels.


Message History

Your quokka bites Edmund but does no damage.
Your shadow imp hits Edmund but does no damage.
Your hound barely misses Edmund.
Your quokka bites Edmund.
Your shadow imp completely misses Edmund.
Your hound bites Edmund but does no damage.
Edmund zaps a wand.
The mass of ice explodes!
The iceblast engulfs you! The iceblast engulfs your quokka!
Your quokka dies!
Your quokka's corpse disappears in a puff of smoke!
Your quokka bites Edmund but does no damage.
Your shadow imp barely misses Edmund.
Casting: Summon Small Mammal (safe; 1% risk of failure)
Confirm with . or Enter, or press ? or * to list all spells.
A beastly little devil appears in a puff of frigid air.
Your shadow imp disappears in a puff of smoke!
Your hound barely misses Edmund.
Your quokka bites Edmund but does no damage.
Your hound closely misses Edmund.
Your quokka bites Edmund but does no damage.
Your white imp gestures at Edmund.
The puff of frost hits Edmund.
Edmund says, "People accused me of being a cutpurse!"
Edmund zaps a wand.
The mass of ice explodes!
The iceblast engulfs you!
Unknown command.
Your hound bites Edmund but does no damage.
Your quokka bites Edmund.
Your white imp completely misses Edmund.
Your hound looks up at you expectantly.
Your hound misses Edmund.
Your white imp hits Edmund but does no damage.
Your quokka bites Edmund but does no damage.
Your white imp barely misses Edmund.
You are too injured to fight recklessly!
Edmund says, "A flail is better than a scythe, any day of the week!"
Edmund zaps a wand.
The mass of ice explodes!
The iceblast engulfs you!
You die...
You are now level 7!
You rejoin the land of the living...
Unknown command.
Are you sure you want to abandon this character and quit the game? (Confirm with "yes".)

#....# ##..#...#
....#### ##....##
...)...#####..##
.........####.##
...........##..#
...........###.#
...<........##.###
............##...##
.##.........#..#@.###
.##.........#..##...##
.###.......#..#####..###
## #....###..## ##...##
# ########.## ###..### #
#..# ##...## #### #
##.## ###..###... #
####...## ##....... #
#.......## #)......


There were no monsters in sight!

Vanquished Creatures
  4 adders (Sewer)
  A river rat (Sewer)
  2 orcs (D:3)
  3 endoplasms
  A giant cockroach (D:3)
  2 hobgoblins (D:1)
  A quokka (D:1)
  A ball python (D:1)
  2 bats
  A goblin (D:1)
  2 kobolds (D:1)
  2 rats
22 creatures vanquished.

Vanquished Creatures (collateral kills)
  Sigmund (D:5)
  A black bear (D:5)
  An ogre (D:5)
  A kobold brigand (D:5)
  A scorpion (D:4)
  A water moccasin skeleton (D:5)
  A bullfrog zombie (D:5)
  2 jellies (D:4)
  2 hounds (D:4)
  An orc priest (D:5)
  2 iguanas (D:5)
  An orc wizard (D:5)
  Natasha (D:2)
  A howler monkey zombie (D:5)
  Robin (D:3)
  9 gnolls
  8 adders
  5 river rats
  A white imp (D:5)
  2 worms
  A dart slug (D:4)
  16 orcs
  6 endoplasms
  2 giant cockroaches
  17 goblins
  4 hobgoblins
  4 jackals (Sewer)
  5 quokkas
  9 ball pythons
  10 bats
  2 frilled lizards (D:2)
  7 kobolds
  A rat (D:1)
127 creatures vanquished.

Vanquished Creatures (others)
  6 plants (D:4)
6 creatures vanquished.

Grand Total: 155 creatures vanquished

Notes
Turn   | Place    | Note
-------+----------+-------------------------------------------
     0 | D:1      | oldriver the Felid Summoner began the quest for the Orb.
     0 | D:1      | Reached XP level 1. HP: 7/7 MP: 4/4
   447 | D:1      | Reached XP level 2. HP: 12/12 MP: 3/6
   564 | D:1      | Reached skill level 1 in Fighting
   725 | D:1      | Found a faded altar of an unknown god.
  2038 | D:2      | Learned a level 2 spell: Call Imp
  2068 | D:2      | Reached XP level 3. HP: 15/15 MP: 3/7
  2365 | D:2      | Reached XP level 4. HP: 19/19 MP: 5/9
  3090 | D:2      | Noticed Natasha
  3112 | D:2      | Killed Natasha
  3399 | D:3      | Noticed Robin
  4259 | D:3      | Reached XP level 5. HP: 22/22 MP: 7/11
  4829 | D:3      | Killed Robin
  4964 | D:3      | Found Zodd's Distillery.
  4973 | D:3      | Bought a potion of might for 48 gold pieces
  4973 | D:3      | Bought a potion of curing for 36 gold pieces
  5977 | D:4      | Learned a level 3 spell: Call Canine Familiar
  6236 | D:4      | Reached skill level 5 in Summonings
  6236 | D:4      | Gained mutation: You are covered in thick fur. (AC +2)
                  | [Felid growth]
  6236 | D:4      | Reached XP level 6. HP: 26/26 MP: 8/13
  6407 | D:4      | Noticed Rem's ghost (amateur OpFE)
  6639 | D:4      | Found a transporter.
  6640 | D:4      | Found a transporter.
  7326 | D:4      | Reached skill level 5 in Spellcasting
  7738 | D:5      | Entered Level 5 of the Dungeon
  7907 | D:5      | Noticed Edmund
  7919 | D:5      | Reached XP level 7. HP: 30/30 MP: 4/15
  7936 | D:5      | Noticed Pikel
  8115 | D:5      | Found a glowing drain.
  8166 | Sewer    | Entered a sewer
  9996 | D:5      | Noticed Sigmund
 10023 | D:5      | Killed Sigmund
 10024 | D:5      | Reached skill level 1 in Unarmed Combat
 10060 | D:5      | Reached XP level 8. HP: 34/34 MP: 14/18
 10903 | D:5      | Found a snail-covered altar of Cheibriados.
 10903 | D:5      | Found a stormy altar of Qazlal.
 10910 | D:5      | Found an ornate altar of the Wu Jian Council.
 11664 | D:5      | Learned a level 3 spell: Summon Guardian Golem
 11689 | D:5      | Killed from afar by Edmund
 11690 | D:5      | Reached XP level 7. HP: -3/31 MP: 18/18
 11690 | D:5      | Quit the game

Illustrated notes

Levels and vault maps discovered:
D:1:      eino_arrival_tree_alley, layout_basic,
          shapermc_ecumenical_altar_acropolis
D:2:      layout_basic, uniq_natasha
D:3:      layout_basic, serial_shops, nicolae_lakefront_shop, uniq_robin
D:4:      layout_layer_cave, gammafunk_ghost_gnarly_gnolls
D:5:      layout_cave_pods, nicolae_overflow_hidden_temple,
          portal_sewer_entry_b, uniq_pikel, uniq_sigmund, uniq_edmund

Skill      XL: |  1  2  3  4  5  6  7 |
---------------+----------------------+-----
Fighting       | 1 2 3 |  3.8
Spellcasting   | 3 4 5 6 |  6.9
Summonings     | 5 6 |  6.3
Stealth        | 3 |  3.1
Dodging        | 3 |  3.0
Unarmed Combat | 1 |  1.0

Action                   |  1- 3 |  4- 6 |  7- 9 || total
-------------------------+-------+-------+-------++-------
Melee: Unarmed           |    49 |    18 |    34 ||   101
       Bite              |     5 |     3 |     1 ||     9
       Punch             |       |     1 |       ||     1
 Cast: Summon Small Mamm |    58 |   106 |    51 ||   215
       Call Imp          |     1 |    30 |    38 ||    69
       Call Canine Famil |       |    19 |    39 ||    58
       Summon Guardian G |       |       |     1 ||     1
  Use: Scroll            |       |     5 |     3 ||     8
       Potion            |       |       |     8 ||     8
 Stab: Distracted        |     1 |     1 |     1 ||     3
       Sleeping          |       |     1 |       ||     1
Armor: Skin              |     6 |     7 |     7 ||    20
Dodge: Dodged            |    50 |    56 |    88 ||   194

Table legend: (Time is in decaauts)
 A = Elapsed time spent in this place.
 B = Non-inter-level travel time spent in this place.
 C = Inter-level travel time spent in this place.
 D = Time resting spent in this place.
 E = Time spent auto-exploring this place.
 F = Levels seen in this place.
 G = Mean time per level.
                   A        B        C        D        E       F      G
               +--------+--------+--------+--------+--------+-----+--------+
         Total |  10774 |  10365 |    409 |   1696 |   6102 |   6 | 1795.7 |
       Dungeon |   8932 |   8523 |    409 |   1305 |   5256 |   5 | 1786.4 |
         Sewer |   1842 |   1842 |      0 |    391 |    845 |   1 | 1842.0 |
               +--------+--------+--------+--------+--------+-----+--------+

Top non-repeatable levels by time:
     D:4: 2332 daAuts
     D:5: 1922 daAuts
   Sewer: 1842 daAuts
     D:1: 1701 daAuts
     D:2: 1514 daAuts
     D:3: 1460 daAuts
